 Dungeon Crawl Stone Soup version 0.29.1-1-gd02db6906a (webtiles) character file.

Game seed: 17186074595542993215

112 Doomgape the Insei (level 4, -4/28 HPs)
             Began as an Octopode Transmuter on Sept 17, 2022.
             Slain by a hobgoblin
             ... wielding the +8 dagger of Urgency {distort, SInv}
              (16 damage)
             ... on level 3 of the Dungeon.
             The game lasted 00:03:02 (2635 turns).

Doomgape the Insei (Octopode Transmuter)            Turns: 2635, Time: 00:03:03

Health: -4/28      AC:  1    Str: 11    XL:     4   Next: 95%
Magic:  7/7        EV: 13    Int: 15    God:
Gold:   151        SH:  0    Dex: 12    Spells: 6/7 levels left

rFire   . . .      SeeInvis .     - Unarmed
rCold   . . .      Faith    .   (no shield)
rNeg    . . .      Spirit   .   (helmet currently unavailable)
rPois   .          Reflect  .   (no amulet)
rElec   .          Harm     .   (no ring)
rCorr   .          Rampage  .   (no ring)
Will    .....                   (no ring)
Stlth   ++........              (no ring)
HPRegen 0.09/turn               (no ring)
MPRegen 0.10/turn               (no ring)
                                (no ring)
                                (no ring)

@: appendages (expiring)
A: tentacle spike 3, almost no armour, amphibious, 8 rings, camouflage 1,
gelatinous body 1, (nimble swimmer 1), tentacles
a: End Transformation


You were on level 3 of the Dungeon.
One of your tentacles had grown a beastly spike.
You visited 1 branch of the dungeon, and saw 3 of its levels.

You collected 151 gold pieces.

Inventory:

Scrolls
 c - a scroll of brand weapon
Potions
 a - a potion of lignification
 b - 2 potions of flight
 d - 4 potions of brilliance {unknown}
 e - 2 potions of cancellation {unknown}
 f - a potion of might {unknown}
 g - 2 potions of haste {unknown}
 h - a potion of heal wounds {unknown}
 i - a potion of degeneration {unknown}
 j - a potion of curing {unknown}


   Skills:
 - Level 1.0 Fighting
 - Level 2.0 Dodging
 - Level 5.0 Unarmed Combat
 + Level 2.4 Spellcasting
 + Level 2.5 Transmutations


You had 6 spell levels left.
You knew the following spells:

 Your Spells              Type           Power      Damage    Failure   Level
a - Beastly Appendage     Tmut           18%        N/A       8%          1

Your spell library contained the following spells:

 Spells                   Type           Power      Damage    Failure   Level
 Wereblood                Tmut           9%         N/A       12%         2
 Blink                    Tloc           2%         N/A       32%         2
 Spider Form              Tmut/Pois      5%         N/A       36%         3
 Ignite Poison            Fire/Tmut/Pois 4%         N/A       41%         3
 Conjure Flame            Conj/Fire      1%         6-21      54%         3
 Lesser Beckoning         Tloc           1%         N/A       54%         3
 Ice Form                 Ice/Tmut       5%         N/A       77%         4
 Sticky Flame             Conj/Fire      1%         2d3       91%         4
 Manifold Assault         Tloc           1%         N/A       99%         5


Dungeon Overview and Level Annotations

Branches:
Dungeon (3/15)

Altars:
Zin


Innate Abilities, Weirdness & Mutations

One of your tentacles has grown a beastly spike.
You cannot wear most types of armour.
You are amphibious.
You can wear up to eight rings at the same time.
Your skin changes colour to match your surroundings (Stealth+).
Your rubbery body absorbs attacks. (AC +1, EV +1)
((You are camouflaged when in or above water. (Stealth+)))
You have tentacles for arms and can constrict up to eight enemies at once.


Message History

A kobold is nearby!
The kobold hits you with a +0 short sword.
You tentacle-slap the kobold.
You kill the kobold!
There is a stone staircase leading up here.
Things that are here:
a +0 short sword; a kobold corpse You start resting.
Your tentacle spike disappears.
HP restored.
Things that are here:
a +0 mace; a +0 ring mail
Found a stone staircase leading up.
You now have 151 gold pieces (gained 8).
An adder comes into view.
Casting: Beastly Appendage (safe; 9% risk of failure)
Confirm with . or Enter, or press ? or * to list all spells.
One of your tentacles grows a vicious spike.
No target in view!
No target in view!
You tentacle-slap the adder. You grab the adder.
You pierce the adder.
The adder is moderately wounded.
You constrict the adder. The adder bites you.
You tentacle-slap the adder.
You pierce the adder.
You squeeze the adder.
You kill the adder!
A hobgoblin comes into view.
It is wielding the +8 dagger of Urgency {distort, SInv}.
Your transformation is almost over.
The hobgoblin drinks a potion.
The hobgoblin goes berserk!
The hobgoblin hits you with the +8 dagger of Urgency {distort, SInv}.
Space warps around you.
You tentacle-slap the hobgoblin. You grab the hobgoblin.
You pierce the hobgoblin, but do no damage.
The hobgoblin is moderately wounded.
You constrict the hobgoblin. The hobgoblin barely misses you.
The hobgoblin hits you with the +8 dagger of Urgency {distort, SInv}!
You blink.
You lose your grip on the hobgoblin.
Found a ring mail.
You aren't carrying any items that you can evoke.
The hobgoblin hits you with the +8 dagger of Urgency {distort, SInv}!
Ouch! That really hurt!
You die...

. #.. [.. #.#
#####..... #.#
#.@....... #####.#
#g###..... ...#.# #.#
... #####.#.####.#
#....
...........ยง.####.#.#
#..................#
...##.#.#########...#
# #.# #...# #.# #...#


You could see a hobgoblin (berserk).

Vanquished Creatures
  Crazy Yiuf (D:2)
  Terence (D:2)
  2 adders
  An orc (D:3)
  6 bats
  3 endoplasms
  A giant cockroach (D:1)
  A goblin (D:1)
  6 hobgoblins
  A quokka (D:2)
  5 ball pythons
  2 frilled lizards
  5 kobolds
  5 rats
40 creatures vanquished.

Vanquished Creatures (others)
  A fungus (D:2)
1 creature vanquished.

Grand Total: 41 creatures vanquished

Notes
Turn   | Place    | Note
-------+----------+-------------------------------------------
     0 | D:1      | Doomgape the Octopode Transmuter began the quest for the
                  | Orb.
     0 | D:1      | Reached XP level 1. HP: 13/13 MP: 3/3
    22 | D:1      | Found a faded altar of an unknown god.
   127 | D:1      | Reached XP level 2. HP: 5/18 MP: 5/5
   845 | D:1      | Reached skill level 4 in Unarmed Combat
  1283 | D:2      | Reached XP level 3. HP: 23/23 MP: 3/6
  1600 | D:2      | Noticed Terence
  1614 | D:2      | Killed Terence
  1615 | D:2      | Reached XP level 4. HP: 8/28 MP: 5/7
  1986 | D:2      | Reached skill level 5 in Unarmed Combat
  2091 | D:2      | Found a glowing silver altar of Zin.
  2351 | D:2      | Found a runed translucent door.
  2352 | D:2      | Noticed Crazy Yiuf
  2361 | D:2      | Killed Crazy Yiuf
  2627 | D:3      | Identified the +8 dagger of Urgency {distort, SInv}
  2635 | D:3      | Slain by a hobgoblin

Illustrated notes

Levels and vault maps discovered:
D:1:      tarquinn_simple_flora_water_d, layout_rooms,
          shapermc_ecumenical_altar_totnotflames, hangedman_feature_mirror
D:2:      layout_loops_ring, basic_altar, nrook_uturn, uniq_terence,
          uniq_crazy_yiuf_cottage
D:3:      layout_loops_ring, bloody_trog, uniq_robin

Skill      XL: |  1  2  3  4 |
---------------+-------------+-----
Unarmed Combat | 4 5 |  5.0
Fighting       | |  1.0
Dodging        | |  2.0
Spellcasting   | |  2.4
Transmutations | |  2.5

Action                   |  1- 3 |  4- 6 || total
-------------------------+-------+-------++-------
Melee: Unarmed           |    68 |    27 ||    95
       Constrict         |    16 |     8 ||    24
       Kick              |    14 |     9 ||    23
       Tentacles         |     4 |     3 ||     7
       Punch             |     1 |       ||     1
 Cast: Beastly Appendage |    18 |     7 ||    25
  Use: Scroll            |     4 |       ||     4
 Stab: Sleeping          |     5 |       ||     5
       Invisible         |       |     2 ||     2
Armor: Skin              |     7 |     2 ||     9
Dodge: Dodged            |    36 |    15 ||    51
